[Event "Argentine Youth-Junior-ch 2025"]
[Site "Mar del Plata"]
[Date "2025.04.17"]
[Round "4.1"]
[White "Unhold, Valentin"]
[Black "Scarsi, Anna Laura"]
[Result "1/2-1/2"]
[Annotator "NA RC"]
[ECO "A13"]
[WhiteElo "2149"]
[BlackElo "2144"]
[PlyCount "129"]
[EventDate "2025.04.14"]
[EventType "swiss"]
[EventCountry "ARG"]
[SourceTitle "playchess.com"]
[Source "ChessBase"]
[SourceQuality "1"]
[TimeControl "3600+30"]

1. c4 e6 2. g3 d5 3. Bg2 Nf6 4. Nf3 Bd6 5. O-O O-O 6. b3 Nc6 7. Bb2 d4 8. Nxd4 Nxd4 9. Bxd4 Bxg3 10. Bb2 Bxh2+ 11. Kxh2 Ng4+ 12. Kg3 Qg5 13. f4 Qg6 14. Kf3 e5 15. Nc3 f5 16. fxe5 f4 17. Qe1 Nxe5+ 18. Kf2 f3 19. Bxf3 Rxf3+ 20. exf3 Nd3+ 21. Ke3 Nxe1 22. Raxe1 Qg5+ 23. Ke2 Bf5 24. Rg1 Qh4 25. Kd1 c6 26. Ne4 Bg6 27. Nd6 Qf4 28. Rxg6 hxg6 29. Re6 Rd8 30. c5 Qxf3+ 31. Kc2 Qd5 32. Re5 Rxd6 33. cxd6 Qxd6 34. Re8+ Kh7 35. Re3 g5 36. Be5 Qc5+ 37. Kb2 Kg6 38. Bg3 Kh5 39. a3 Kg4 40. Be5 g6 41. b4 Qd5 42. Kc2 a5 43. bxa5 Qxa5 44. Bb8 Qf5+ 45. Kc1 Kh4 46. Bg3+ Kh3 47. Bb8+ Kg2 48. Rg3+ Kf2 49. Re3 g4 50. Bg3+ Kg2 51. Bb8 Qf1+ 52. Kc2 Qf5+ 53. Kc1 g5 54. Be5 Qf1+ 55. Kc2 Qc4+ 56. Kd1 Kf2 57. Bg3+ Kf1 58. Be5 Qa4+ 59. Kc1 Qb5 60. Bb8 Qc5+ 61. Kd1 Qf5 62. Re1+ Kg2 63. Re2+ Kf1 64. Re1+ Kg2 65. Re2+ 1/2-1/2

[Event "Argentine Youth-Junior-ch 2025"]
[Site "Mar del Plata"]
[Date "2025.04.17"]
[Round "4.2"]
[White "Moro Saidon, Gonzalo"]
[Black "Abramor, Franco"]
[Result "0-1"]
[Annotator "RC"]
[ECO "A11"]
[WhiteElo "2076"]
[BlackElo "2169"]
[PlyCount "96"]
[EventDate "2025.04.14"]
[EventType "swiss"]
[EventCountry "ARG"]
[SourceTitle "playchess.com"]
[Source "ChessBase"]
[SourceQuality "1"]
[TimeControl "3600+30"]

1. Nf3 d5 2. g3 Nf6 3. Bg2 Bf5 4. O-O h6 5. c4 e6 6. cxd5 exd5 7. d3 c6 8. Nc3 Be7 9. Qb3 Nbd7 10. Nd4 Nc5 11. Qd1 Bh7 12. b4 Ncd7 13. Nc2 O-O 14. e4 a5 15. Rb1 axb4 16. Nxb4 Qa5 17. a3 dxe4 18. dxe4 Rad8 19. Qb3 Rfe8 20. Bf4 Nc5 21. Qc4 Ne6 22. Be3 Ng4 23. Nc2 Nxe3 24. fxe3 b5 25. Qb3 Rd3 26. Nb4 Bxb4 27. axb4 Qa7 28. Kh1 Qxe3 29. Rf3 Qd4 30. Rd1 Rxd1+ 31. Qxd1 Qxd1+ 32. Nxd1 Bxe4 33. Re3 Bxg2+ 34. Kxg2 Rd8 35. Nf2 Rd2 36. Rc3 Ng5 37. Re3 Kf8 38. h4 Nh3 39. Kxh3 Rxf2 40. Rc3 Rf6 41. g4 Ke7 42. g5 hxg5 43. hxg5 Rg6 44. Kg4 f6 45. Kf4 fxg5+ 46. Kf5 Rf6+ 47. Kxg5 Kd6 48. Rc5 Rf1 0-1

[Event "Argentine Youth-Junior-ch 2025"]
[Site "Mar del Plata"]
[Date "2025.04.17"]
[Round "4.3"]
[White "Gaite, Karen Nerina"]
[Black "Rojas, Agostina"]
[Result "1-0"]
[Annotator "NA RC"]
[ECO "A36"]
[WhiteElo "2031"]
[BlackElo "1703"]
[PlyCount "51"]
[EventDate "2025.04.14"]
[EventType "swiss"]
[EventCountry "ARG"]
[SourceTitle "playchess.com"]
[Source "ChessBase"]
[SourceQuality "1"]
[TimeControl "3600+30"]

1. c4 c5 2. Nc3 g6 3. g3 Bg7 4. Bg2 Nf6 5. e3 O-O 6. Nge2 Nc6 7. O-O d6 8. b3 Rb8 9. Bb2 Ne8 10. d4 Nc7 11. Qd2 a6 12. Rfd1 Bd7 13. dxc5 dxc5 14. Qxd7 Qxd7 15. Rxd7 Ne6 16. Bxc6 bxc6 17. Rad1 a5 18. Na4 Bxb2 19. Nxb2 Rfe8 20. Nc3 Kf8 21. Nba4 Rec8 22. Ne4 Ke8 23. Nexc5 Nxc5 24. Nxc5 a4 25. Nxa4 Ra8 26. Nb6 1-0

[Event "Argentine Youth-Junior-ch 2025"]
[Site "Mar del Plata"]
[Date "2025.04.17"]
[Round "4.4"]
[White "Fuentes, Agustin"]
[Black "Deichmann, Esteban Horacio"]
[Result "1/2-1/2"]
[Annotator "NA RC"]
[ECO "D04"]
[WhiteElo "2006"]
[BlackElo "2028"]
[PlyCount "43"]
[EventDate "2025.04.14"]
[EventType "swiss"]
[EventCountry "ARG"]
[SourceTitle "playchess.com"]
[Source "ChessBase"]
[SourceQuality "1"]
[TimeControl "3600+30"]

1. Nf3 d5 2. d4 Nf6 3. e3 Bf5 4. Bd3 Bg6 5. b3 e6 6. O-O Ne4 7. c4 f5 8. Ne5 Bd6 9. f4 Bxe5 10. fxe5 Qg5 11. Bxe4 fxe4 12. cxd5 exd5 13. Nc3 c6 14. Qc2 Nd7 15. a4 a5 16. Ne2 Bf5 17. h4 Qg6 18. Nf4 Qg4 19. Ba3 Rg8 20. Nh3 g6 21. Rf4 Qg3 22. Qf2 1/2-1/2

[Event "Argentine Youth-Junior-ch 2025"]
[Site "Mar del Plata"]
[Date "2025.04.17"]
[Round "4.5"]
[White "Herrera, Lara"]
[Black "Veliz, Daira Isis"]
[Result "0-1"]
[Annotator "NA RC"]
[ECO "C02"]
[WhiteElo "1680"]
[BlackElo "1789"]
[PlyCount "110"]
[EventDate "2025.04.14"]
[EventType "swiss"]
[EventCountry "ARG"]
[SourceTitle "playchess.com"]
[Source "ChessBase"]
[SourceQuality "1"]
[TimeControl "3600+30"]

1. e4 e6 2. d4 d5 3. e5 c5 4. c3 Nc6 5. Nf3 Qb6 6. Bd3 Bd7 7. O-O cxd4 8. Nbd2 dxc3 9. bxc3 Nge7 10. Re1 Ng6 11. Rb1 Qc7 12. Bxg6 hxg6 13. Qc2 Rc8 14. a3 Na5 15. Bb2 Nc4 16. Nxc4 Qxc4 17. Qd2 f6 18. Qe3 Bc5 19. Nd4 Kf7 20. Qf4 Bxd4 21. cxd4 Qd3 22. exf6 gxf6 23. Rbc1 Rc4 24. Qd6 Rd8 25. h3 Rxc1 26. Rxc1 Qb5 27. Bc3 Rc8 28. Qf4 g5 29. Qf3 Qb3 30. Qd3 f5 31. Qg3 Qxa3 32. Qe3 b5 33. Qd2 a5 34. Bb2 Rxc1+ 35. Bxc1 Qa4 36. Kh2 Qc4 37. g3 a4 38. Qxg5 Qxd4 39. Qh5+ Ke7 40. Be3 Qc3 41. Qg5+ Kd6 42. Bf4+ e5 43. Qf6+ Be6 44. Qd8+ Kc6 45. Qf6 Kb7 46. Bxe5 Qc6 47. h4 Qd7 48. h5 a3 49. h6 b4 50. Qg7 Qxg7 51. Bxg7 Bg8 52. Bf8 a2 53. Bg7 Kc6 54. Kg1 Kc5 55. Kf1 d4 0-1

[Event "Argentine Youth-Junior-ch 2025"]
[Site "Mar del Plata"]
[Date "2025.04.17"]
[Round "4.6"]
[White "Anigstein, Eugenio"]
[Black "Bazan Romero, Octavio Aaron"]
[Result "1/2-1/2"]
[Annotator "RC"]
[ECO "B90"]
[WhiteElo "1988"]
[BlackElo "2292"]
[PlyCount "88"]
[EventDate "2025.04.14"]
[EventType "swiss"]
[EventCountry "ARG"]
[SourceTitle "playchess.com"]
[Source "ChessBase"]
[SourceQuality "1"]
[TimeControl "3600+30"]

1. e4 c5 2. Nf3 d6 3. d4 cxd4 4. Nxd4 Nf6 5. Nc3 a6 6. Be3 e5 7. Nb3 Be6 8. f3 h5 9. Qd2 Nbd7 10. Nd5 Bxd5 11. exd5 g6 12. a4 Bg7 13. Be2 O-O 14. O-O Re8 15. c4 a5 16. Rac1 b6 17. Bd3 Nc5 18. Nxc5 bxc5 19. b3 Rb8 20. Bc2 Qc7 21. Bg5 Nh7 22. Rce1 Nxg5 23. Qxg5 Qe7 24. Qd2 Rb4 25. Kh1 Rf8 26. g4 hxg4 27. fxg4 Bf6 28. Rf3 Bg5 29. Qe2 Kg7 30. Ref1 Rb7 31. Qe1 Qd8 32. Rh3 Rh8 33. Rff3 Rxh3 34. Rxh3 Bf4 35. Kg2 Qg5 36. Qh4 Qxh4 37. Rxh4 f5 38. gxf5 gxf5 39. Rh5 Rb8 40. h3 Kf6 41. Rxf5+ Ke7 42. Bd1 Rg8+ 43. Bg4 Rb8 44. Bd1 Rg8+ 1/2-1/2

[Event "Argentine Youth-Junior-ch 2025"]
[Site "Mar del Plata"]
[Date "2025.04.17"]
[Round "4.7"]
[White "Duarte Fernandez, Agustin"]
[Black "Simbler, Facundo"]
[Result "1/2-1/2"]
[Annotator "NA RC"]
[ECO "B14"]
[WhiteElo "2001"]
[BlackElo "1928"]
[PlyCount "141"]
[EventDate "2025.04.14"]
[EventType "swiss"]
[EventCountry "ARG"]
[SourceTitle "playchess.com"]
[Source "ChessBase"]
[SourceQuality "1"]
[TimeControl "3600+30"]

1. c4 Nf6 2. d4 c5 3. e3 g6 4. Nf3 Bg7 5. Nc3 cxd4 6. exd4 d5 7. Be3 O-O 8. h3 dxc4 9. Bxc4 Nc6 10. a3 b6 11. Ne5 Bb7 12. O-O Rc8 13. Ba2 Nxe5 14. dxe5 Ne4 15. Nxe4 Bxe4 16. e6 f5 17. Qa4 Bxb2 18. Rad1 Bc2 19. Bb3 Bxd1 20. Rxd1 Qc7 21. g3 Bf6 22. h4 Qc6 23. Qxa7 Rc7 24. Qa6 b5 25. Qxc6 Rxc6 26. Rd5 Ra6 27. Rxb5 Rxa3 28. Kg2 Ra1 29. Bd5 Rd8 30. Bc6 Bd4 31. Bg5 Rc8 32. Rd5 Rxc6 33. Rxd4 Rxe6 34. Rd8+ Kg7 35. Bd2 Ra2 36. Bc3+ Kf7 37. Rh8 Ree2 38. Rxh7+ Kg8 39. Rh8+ Kf7 40. Rh7+ Ke6 41. Bd4 Kd5 42. Bb6 e5 43. Re7 Ke4 44. Rc7 Reb2 45. Ba7 Rc2 46. Re7 Rcb2 47. Bc5 Rb5 48. Be3 Ra1 49. Bf4 Re1 50. Re8 Rd5 51. Re7 Kd3 52. Bg5 Ke2 53. Ra7 Rdd1 54. Ra2+ Kd3 55. Kf3 Rf1 56. Ra3+ Kc4 57. Be3 Ra1 58. Rxa1 Rxa1 59. g4 f4 60. Bb6 Rh1 61. Bd8 Kd5 62. Kg2 Rb1 63. h5 gxh5 64. gxh5 Rb8 65. Bf6 Ke6 66. Bg7 Kf7 67. Bxe5 Rb5 68. Bxf4 Rxh5 69. Be3 Rf5 70. Kg3 Rxf2 71. Bxf2 1/2-1/2

[Event "Argentine Youth-Junior-ch 2025"]
[Site "Mar del Plata"]
[Date "2025.04.17"]
[Round "4.8"]
[White "Donda, Jazmin"]
[Black "Gimenez, Martina"]
[Result "1-0"]
[Annotator "NA RC"]
[ECO "D06"]
[WhiteElo "1919"]
[BlackElo "1540"]
[PlyCount "55"]
[EventDate "2025.04.14"]
[EventType "swiss"]
[EventCountry "ARG"]
[SourceTitle "playchess.com"]
[Source "ChessBase"]
[SourceQuality "1"]
[TimeControl "3600+30"]

1. d4 Nf6 2. c4 d5 3. cxd5 Nxd5 4. e4 Nf6 5. Nc3 e6 6. Nf3 Bb4 7. Bg5 h6 8. Bxf6 Qxf6 9. Qa4+ Nc6 10. Ne5 Bd7 11. Nxc6 Bxc3+ 12. bxc3 Bxc6 13. Bb5 O-O 14. Bxc6 bxc6 15. Qxc6 Qf4 16. O-O Qd6 17. Qc4 Rfc8 18. Rfd1 c5 19. d5 exd5 20. Rxd5 Qe6 21. Rad1 Re8 22. e5 Rac8 23. Qa4 Qb6 24. c4 Qc7 25. f4 Red8 26. Rd7 Qb8 27. Qb3 Qxb3 28. Rxd8+ 1-0

[Event "Argentine Youth-Junior-ch 2025"]
[Site "Mar del Plata"]
[Date "2025.04.17"]
[Round "4.9"]
[White "Cardenas, Hebe"]
[Black "Alvarez, Mia Morena"]
[Result "0-1"]
[Annotator "NA RC"]
[ECO "D30"]
[WhiteElo "1699"]
[BlackElo "1819"]
[PlyCount "76"]
[EventDate "2025.04.14"]
[EventType "swiss"]
[EventCountry "ARG"]
[SourceTitle "playchess.com"]
[Source "ChessBase"]
[SourceQuality "1"]
[TimeControl "3600+30"]

1. Nf3 Nf6 2. b3 d5 3. Bb2 e6 4. e3 Bd6 5. d4 c6 6. Nbd2 Nbd7 7. c4 O-O 8. Bd3 b6 9. Ne5 Bb7 10. O-O Qc7 11. Ndf3 Rad8 12. Qc2 c5 13. Nxd7 Qxd7 14. cxd5 exd5 15. dxc5 bxc5 16. Bxf6 gxf6 17. Bxh7+ Kh8 18. Bf5 Qc7 19. Qe2 Rg8 20. g3 d4 21. e4 d3 22. Qe3 Bf4 23. Qe1 Ba6 24. Qc3 Qd6 25. Rfd1 d2 26. Nxd2 Bxd2 27. Qf3 Rg7 28. a3 Qb6 29. Qh5+ Kg8 30. Ra2 Bg5 31. Re1 Qxb3 32. Raa1 Qb8 33. h4 Bd2 34. Reb1 Rxg3+ 35. Kh2 Rb3+ 36. Kg2 Rxb1 37. Bh7+ Kg7 38. Ra2 Bf1+ 0-1

[Event "Argentine Youth-Junior-ch 2025"]
[Site "Mar del Plata"]
[Date "2025.04.17"]
[Round "4.10"]
[White "Ledesma, Federico"]
[Black "Rodriguez, Elian Francisco"]
[Result "0-1"]
[Annotator "NA RC"]
[ECO "B12"]
[WhiteElo "1685"]
[BlackElo "2043"]
[PlyCount "152"]
[EventDate "2025.04.14"]
[EventType "swiss"]
[EventCountry "ARG"]
[SourceTitle "playchess.com"]
[Source "ChessBase"]
[SourceQuality "1"]
[TimeControl "3600+30"]

1. e4 c6 2. d4 d5 3. e5 Bf5 4. Nf3 e6 5. Be2 c5 6. Be3 Qb6 7. Nc3 Nc6 8. O-O Qxb2 9. Qb1 Qxb1 10. Raxb1 O-O-O 11. Rb2 c4 12. Rfb1 Rd7 13. a4 Ba3 14. Ra2 Bb4 15. Nb5 a6 16. Rab2 axb5 17. axb5 Na5 18. Rxb4 Bxc2 19. Ra1 b6 20. Rb2 Bb3 21. Bd2 Ra7 22. Rc1 Kb7 23. Ra1 Ne7 24. Bb4 Ng6 25. g3 Kc8 26. Nd2 Kb7 27. Bf3 Rc8 28. Bc3 Kb8 29. Bg2 Ne7 30. f4 Nf5 31. Kf2 Nc6 32. Nxb3 cxb3 33. Rxa7 Nxa7 34. Rxb3 Nxb5 35. Bb2 Rc2+ 36. Kg1 Nbxd4 37. Rxb6+ Ka7 38. Bxd4 Nxd4 39. Rd6 Nb5 40. Rd7+ Rc7 41. Rd8 Kb6 42. Kf2 Kc5 43. Ke3 Nc3 44. Kd3 Kb4 45. Rb8+ Nb5 46. f5 exf5 47. Bxd5 Rd7 48. Ke3 Rxd5 49. Kf4 g6 50. Rb7 Rd2 51. h4 Rd4+ 52. Kg5 Rg4+ 53. Kf6 Rxg3 54. Kxf7 f4 55. Kg7 h5 56. Rf7 f3 57. e6 Nd6 58. Rf4+ Kc5 59. e7 Kd5 60. Kf8 Ke5 61. Rf7 Rg4 62. Kg7 Rf4 63. Rf8 f2 64. e8=Q+ Nxe8+ 65. Rxe8+ Kd6 66. Rd8+ Ke7 67. Rd1 f1=Q 68. Rxf1 Rxf1 69. Kxg6 Rg1+ 70. Kxh5 Kf6 71. Kh6 Rh1 72. h5 Rh4 73. Kh7 Rxh5+ 74. Kg8 Kg6 75. Kf8 Re5 76. Kg8 Re8# 0-1